Tampa Bay Lightning vs Boston Bruins
Created - Thursday, April 24, 2025 at 08:52
Goals
|
| Tampa Bay Lightning |
3 |
1 |
0 |
0 |
0 |
4 |
| Boston Bruins |
2 |
0 |
2 |
0 |
1 |
5 |
|
Shots
|
| Tampa Bay Lightning |
15 |
5 |
11 |
0 |
4 |
31 |
| Boston Bruins |
8 |
11 |
14 |
3 |
4 |
36 |
|
1st period
1. Tampa Bay Lightning , Kirill Kaprizov 25 (Travis Konecny 31, Darnell Nurse 11) at 4:21
2. Boston Bruins , Alex Newhook 19 (Vincent Trocheck 41) at 11:38
3. Boston Bruins , Joel Farabee 27 (Andrew Copp 21) at 14:19
4. Tampa Bay Lightning , Dylan Cozens 9 (Jason Dickinson 11) at 19:47
5. Tampa Bay Lightning , Kirill Kaprizov 26 (Anze Kopitar 27) at 19:56
Penalties :
Hampus Lindholm (TBL) for Cross-checking (Minor) at 1:33, Travis Konecny (TBL) for Kneeing (Minor) at 4:38, Darnell Nurse (TBL) for Roughing (Minor) at 16:06
2nd period
6. Tampa Bay Lightning , Dylan Cozens 10 (Michael Matheson 16, Jason Dickinson 12) at 17:55
Penalties :
Travis Konecny (TBL) for Roughing (Minor) at 3:53, Connor Clifton (BOS) for Cross-checking (Minor) at 9:44, Joel Farabee (BOS) for Tripping (Minor) at 15:12, Evander Kane (BOS) for Diving (Minor) at 18:14
3rd period
7. Boston Bruins , Vincent Trocheck 21 (Alex Newhook 29, Torey Krug 18) at 10:09 (PP)
8. Boston Bruins , Joel Farabee 28 (Matthew Beniers 12, Petr Mrazek) at 18:17
Penalties :
Tyler Myers (TBL) for High sticking (Minor) at 9:28, Gustav Nyquist (TBL) for Interference (Minor) at 11:45, Ryan Strome (BOS) for Slashing (Minor) at 17:32, Travis Konecny (TBL) for Hooking (Minor) at 17:35
Overtime #1
No Goal
Penalties :
No Penalty
Shootout
Tampa Bay Lightning, Trevor Moore - Stopped by Petr Mrazek
Boston Bruins, Vincent Trocheck - Stopped by Jeremy Swayman
Tampa Bay Lightning, Filip Forsberg - Shot Misses the Net
Boston Bruins, Matthew Beniers - Shot Misses the Net
Tampa Bay Lightning, Kirill Kaprizov - Stopped by Petr Mrazek
Boston Bruins, Ryan Strome - Stopped by Jeremy Swayman
Tampa Bay Lightning, Gustav Nyquist - Stopped by Petr Mrazek
Boston Bruins, Joel Farabee - Goal!
Penalties :
No Penalty
Goalie Stats
Jeremy Swayman (TBL), 32 saves from 36 shots - (0.889), OTL, 4-5-1, 65:00 minutes
Petr Mrazek (BOS), 27 saves from 31 shots - (0.871), W, 25-14-2, 65:00 minutes
Players Stats for Tampa Bay Lightning
Player Name G A P +/- PIM S H SB GA TA FO MP PP MP PK MP
------------------------------------------------------------------------------------
Anze Kopitar 0 1 1 1 0 1 3 1 1 2 11/23 24:37 3:03 5:21
Brent Burns 0 0 0 0 0 1 0 0 0 1 0/0 23:10 3:06 2:07
Darnell Nurse 0 1 1 1 2 1 0 1 0 1 0/0 19:42 3:06 4:06
Dylan Cozens 2 0 2 2 0 4 2 0 0 0 0/0 14:16 0:00 5:21
Filip Forsberg 0 0 0 -1 0 4 2 1 0 2 0/1 17:23 3:03 0:03
Gustav Nyquist 0 0 0 1 2 4 1 0 1 0 0/1 13:37 0:00 0:00
Hampus Lindholm 0 0 0 1 2 1 1 0 0 1 0/0 14:02 0:00 0:00
Jamie Benn 0 0 0 -1 0 3 2 1 1 0 7/14 16:15 2:57 0:12
Jason Dickinson 0 2 2 1 0 0 3 0 0 1 2/8 11:00 0:00 4:53
Jonathan Huberdeau 0 0 0 -1 0 2 1 0 1 0 0/0 9:02 0:00 0:00
Jordan Martinook 0 0 0 2 0 0 0 0 0 1 0/0 5:24 0:00 0:00
Kirill Kaprizov 2 0 2 1 0 2 2 0 2 0 0/2 16:05 3:03 0:24
Michael Matheson 0 1 1 1 0 3 2 2 1 0 0/0 27:18 2:54 5:29
Moritz Seider 0 0 0 1 0 0 1 4 0 0 0/0 26:14 2:54 5:07
Roope Hintz 0 0 0 -1 0 0 0 0 0 0 8/19 16:28 2:57 0:00
Travis Konecny 0 1 1 0 6 2 0 0 2 1 0/1 18:35 2:56 0:27
Trevor Moore 0 0 0 -1 0 2 3 0 1 1 0/1 13:50 0:00 4:37
Tyler Myers 0 0 0 -1 2 1 0 1 0 0 0/0 20:20 0:00 4:29
Players Stats for Boston Bruins
Player Name G A P +/- PIM S H SB GA TA FO MP PP MP PK MP
------------------------------------------------------------------------------------
Alex Newhook 1 1 2 0 0 6 1 1 0 1 0/1 16:56 5:13 0:37
Anders Lee 0 0 0 0 0 1 0 0 5 0 0/0 13:40 0:37 0:00
Andrew Copp 0 1 1 0 0 2 3 0 1 0 13/19 17:11 4:49 2:52
Angus Crookshank 0 0 0 -2 0 0 2 0 0 0 0/0 10:21 0:00 0:00
Connor Clifton 0 0 0 2 2 0 0 1 1 1 0/0 24:27 5:11 1:52
Eetu Luostarinen 0 0 0 -2 0 1 0 0 1 1 4/4 10:21 0:00 0:00
Evander Kane 0 0 0 0 2 2 0 0 0 1 0/1 14:58 4:49 0:00
Joel Farabee 2 0 2 1 2 8 0 0 1 1 1/3 20:07 4:49 1:52
John Ludvig 0 0 0 0 0 0 0 0 0 1 0/0 15:07 0:00 1:07
John-Jason Peterka 0 0 0 -2 0 1 1 0 0 0 0/1 11:07 0:29 0:00
Matthew Beniers 0 1 1 1 0 1 0 0 0 0 7/10 11:38 0:34 0:00
Morgan Geekie 0 0 0 0 0 1 5 0 1 0 0/0 10:51 0:00 0:59
Ryan Lindgren 0 0 0 -3 0 0 1 3 0 1 0/0 25:33 5:28 3:01
Ryan Strome 0 0 0 0 2 2 1 0 1 2 3/4 22:13 5:16 2:48
Torey Krug 0 1 1 -2 0 2 0 0 0 0 0/0 28:28 5:28 3:01
Ty Emberson 0 0 0 2 0 2 0 3 0 0 0/0 25:12 5:11 2:59
Vincent Trocheck 1 1 2 0 0 6 1 0 0 0 14/27 22:32 5:21 2:52
Yegor Zamula 0 0 0 -1 0 1 0 0 0 1 0/0 11:18 0:00 0:00
3 Stars
1 - Dylan Cozens (TBL)
2 - Kirill Kaprizov (TBL)
3 - Joel Farabee (BOS)
Power Play
Tampa Bay Lightning - 0 on 4 Attempt(s) - 0.00%
Boston Bruins - 1 on 7 Attempt(s) - 14.29%
Penalty Kill
Tampa Bay Lightning - 6 on 7 Attempt(s) - 85.71%
- Score 0 goal in Penalty Kill
Boston Bruins - 4 on 4 Attempt(s) - 100.00%
- Score 0 goal in Penalty Kill
Team Stat
Tampa Bay Lightning - Hits : 23 - Faceoff Wins : 28 - Blocked Shots : 11 - Penalty Minutes : 14
Boston Bruins - Hits : 15 - Faceoff Wins : 42 - Blocked Shots : 8 - Penalty Minutes : 8
Official
Referees : Gord Dwyer and Michael Markovic
Linesman : Scott Cherrey and Travis Toomey
Game Notes
No Game Note
Finance
Level 1 -- Attendance: 5027 (83.78%) -- Ticket Income $502,700
Level 2 -- Attendance: 4195 (83.90%) -- Ticket Income $251,700
Level 3 -- Attendance: 2454 (81.80%) -- Ticket Income $85,890
Level 4 -- Attendance: 4142 (82.84%) -- Ticket Income $103,550
Luxury Box -- Attendance: 728 (72.80%) -- Ticket Income $145,600
Game was played at the TD Garden.
Total Attendance: 16546 (82.73%)
Total Ticket Income: $1,089,440
Other Income: $381,304
Total Income: $1,470,744
Tampa Bay Lightning
5 vs 5 Forward
Center Left Wing Right Wing Time % Phy DF OF
1 Anze Kopitar Kirill Kaprizov Gustav Nyquist 34 0 2 3
2 Roope Hintz Travis Konecny Filip Forsberg 33 0 3 2
3 Jamie Benn Trevor Moore Jonathan Huberdeau 28 0 2 3
4 Jason Dickinson Dylan Cozens Jordan Martinook 5 0 2 3
5 vs 5 Defense
Defense Defense Time % Phy DF OF
1 Moritz Seider Brent Burns 36 1 3 1
2 Michael Matheson Hampus Lindholm 34 1 3 1
3 Darnell Nurse Tyler Myers 30 1 3 1
4 Moritz Seider Michael Matheson 0 1 2 2
PowerPlay Forward
Center Left Wing Right Wing Time % Phy DF OF
1 Anze Kopitar Kirill Kaprizov Filip Forsberg 50 1 2 2
2 Roope Hintz Jamie Benn Travis Konecny 50 1 2 2
PowerPlay Defense
Defense Defense Time % Phy DF OF
1 Michael Matheson Moritz Seider 50 1 2 2
2 Brent Burns Darnell Nurse 50 1 2 2
Penalty Kill 4 Players Forward
Center Wing Time % Phy DF OF
1 Jason Dickinson Trevor Moore 50 1 2 2
2 Anze Kopitar Dylan Cozens 50 1 2 2
Penalty Kill 4 Players Defense
Defense Defense Time % Phy DF OF
1 Moritz Seider Tyler Myers 50 1 2 2
2 Michael Matheson Darnell Nurse 50 1 2 2
Penalty Kill - 3 Players Forward
Forward Time % Phy DF OF
1 Anze Kopitar 50 1 2 2
2 Jason Dickinson 50 1 2 2
Penalty Kill - 3 Players Defense
Defense Defense Time % Phy DF OF
1 Michael Matheson Darnell Nurse 50 1 2 2
2 Moritz Seider Tyler Myers 50 1 2 2
4 vs 4 Forward
Center Wing Time % Phy DF OF
1 Jamie Benn Travis Konecny 50 1 2 2
2 Anze Kopitar Roope Hintz 50 1 2 2
4 vs 4 Defense
Defense Defense Time % Phy DF OF
1 Michael Matheson Moritz Seider 50 1 2 2
2 Brent Burns Tyler Myers 50 1 2 2
Last Minutes Offensive
Center Left Wing Right Wing Defense Defense
Anze Kopitar Kirill Kaprizov Filip Forsberg Michael Matheson Moritz Seider
Last Minutes Defensive
Center Left Wing Right Wing Defense Defense
Anze Kopitar Jason Dickinson Travis Konecny Moritz Seider Hampus Lindholm
Goaltenders
Starting : Jeremy Swayman
Backup : Darcy Kuemper
Extra Forwards
Normal : Travis Konecny, Filip Forsberg, Jamie Benn - PP : Jonathan Huberdeau, Trevor Moore - PK : Travis Konecny
Extra Defensemen
Normal : Darnell Nurse, Michael Matheson, Moritz Seider - PP : Moritz Seider - PK : Brent Burns, Darnell Nurse
Penalty Shots
Trevor Moore, Filip Forsberg, Kirill Kaprizov, Gustav Nyquist, Jonathan Huberdeau
Scratches
None
Boston Bruins
5 vs 5 Forward
Center Left Wing Right Wing Time % Phy DF OF
1 Vincent Trocheck Alex Newhook Ryan Strome 30 1 2 2
2 Andrew Copp Evander Kane Joel Farabee 30 1 2 2
3 Matthew Beniers Anders Lee Morgan Geekie 25 1 2 2
4 Eetu Luostarinen Angus Crookshank John-Jason Peterka 15 1 2 2
5 vs 5 Defense
Defense Defense Time % Phy DF OF
1 Torey Krug Ryan Lindgren 30 1 2 2
2 Connor Clifton Ty Emberson 30 1 2 2
3 Yegor Zamula John Ludvig 25 1 2 2
4 Torey Krug Ryan Lindgren 15 1 2 2
PowerPlay Forward
Center Left Wing Right Wing Time % Phy DF OF
1 Vincent Trocheck Alex Newhook Ryan Strome 50 1 2 2
2 Andrew Copp Evander Kane Joel Farabee 50 1 2 2
PowerPlay Defense
Defense Defense Time % Phy DF OF
1 Torey Krug Ryan Lindgren 50 1 2 2
2 Connor Clifton Ty Emberson 50 1 2 2
Penalty Kill 4 Players Forward
Center Wing Time % Phy DF OF
1 Vincent Trocheck Andrew Copp 50 1 2 2
2 Ryan Strome Joel Farabee 50 1 2 2
Penalty Kill 4 Players Defense
Defense Defense Time % Phy DF OF
1 Torey Krug Ryan Lindgren 50 1 2 2
2 Connor Clifton Ty Emberson 50 1 2 2
Penalty Kill - 3 Players Forward
Forward Time % Phy DF OF
1 Vincent Trocheck 50 1 2 2
2 Ryan Strome 50 1 2 2
Penalty Kill - 3 Players Defense
Defense Defense Time % Phy DF OF
1 Torey Krug Ryan Lindgren 50 1 2 2
2 Connor Clifton Ty Emberson 50 1 2 2
4 vs 4 Forward
Center Wing Time % Phy DF OF
1 Vincent Trocheck Anders Lee 50 1 2 2
2 Ryan Strome Joel Farabee 50 1 2 2
4 vs 4 Defense
Defense Defense Time % Phy DF OF
1 Torey Krug John Ludvig 50 1 2 2
2 Connor Clifton Ty Emberson 50 1 2 2
Last Minutes Offensive
Center Left Wing Right Wing Defense Defense
Vincent Trocheck Alex Newhook Ryan Strome Torey Krug Ryan Lindgren
Last Minutes Defensive
Center Left Wing Right Wing Defense Defense
Vincent Trocheck Alex Newhook Ryan Strome Torey Krug Ryan Lindgren
Goaltenders
Starting : Petr Mrazek
Backup : Pyotr Kochetkov
Extra Forwards
Normal : Matthew Beniers, Anders Lee, Morgan Geekie - PP : Matthew Beniers, Anders Lee - PK : Morgan Geekie
Extra Defensemen
Normal : Torey Krug, John Ludvig, Connor Clifton - PP : Torey Krug - PK : John Ludvig, Connor Clifton
Penalty Shots
Vincent Trocheck, Matthew Beniers, Ryan Strome, Joel Farabee, Andrew Copp
Scratches
Anthony Beauvillier (Healthy), Drew O'Connor (Healthy), Alex Vlasic (Healthy), Beck Malenstyn (Healthy), Viktor Arvidsson (Healthy)
% Time on Ice - Tampa Bay Lightning
Lines # - Real PCT - Wanted PCT - Time Play
Normal Forward
1 - 28% - 34% - 11:45
2 - 37% - 33% - 15:14
3 - 22% - 28% - 9:02
4 - 13% - 5% - 5:24
Normal Defense
1 - 34% - 36% - 14:13
2 - 36% - 34% - 14:52
3 - 28% - 30% - 11:41
4 - 2% - 0% - 0:39
PP Forward
1 - 51% - 50% - 3:03
2 - 49% - 50% - 2:57
PP Defense
1 - 48% - 50% - 2:54
2 - 52% - 50% - 3:06
PK Forward
1 - 48% - 50% - 5:09
2 - 52% - 50% - 5:30
PK Defense
1 - 48% - 50% - 5:07
2 - 52% - 50% - 5:32
PK3 Forward
1 - 0% - 50%
2 - 0% - 50%
PK3 Defense
1 - 0% - 50%
2 - 0% - 50%
44 Forward
1 - 58% - 50% - 4:00
2 - 42% - 50% - 2:56
44 Defense
1 - 48% - 50% - 3:21
2 - 52% - 50% - 3:35
Last Minute Offensive - 0:00
Last Minute Defensive - 0:00
Total
Forward - 65:00
Defense - 65:00
|
% Time on Ice - Boston Bruins
Lines # - Real PCT - Wanted PCT - Time Play
Normal Forward
1 - 27% - 30% - 11:19
2 - 25% - 30% - 10:33
3 - 22% - 25% - 9:12
4 - 25% - 15% - 10:21
Normal Defense
1 - 31% - 30% - 12:45
2 - 33% - 30% - 13:49
3 - 27% - 25% - 11:08
4 - 9% - 15% - 3:43
PP Forward
1 - 50% - 50% - 5:21
2 - 50% - 50% - 5:18
PP Defense
1 - 51% - 50% - 5:28
2 - 49% - 50% - 5:11
PK Forward
1 - 49% - 50% - 2:57
2 - 51% - 50% - 3:03
PK Defense
1 - 50% - 50% - 3:01
2 - 50% - 50% - 2:59
PK3 Forward
1 - 0% - 50%
2 - 0% - 50%
PK3 Defense
1 - 0% - 50%
2 - 0% - 50%
44 Forward
1 - 50% - 50% - 3:29
2 - 50% - 50% - 3:27
44 Defense
1 - 54% - 50% - 3:43
2 - 46% - 50% - 3:13
Last Minute Offensive - 0:00
Last Minute Defensive - 0:00
Total
Forward - 65:00
Defense - 65:00
|
Play-by-Play
1st period
0:01 of 1st period - Vincent Trocheck wins face-off versus Kirill Kaprizov in neutral zone.
0:34 of 1st period - Snap shot by Jamie Benn.
0:34 of 1st period - Shot Blocked by Ryan Lindgren.
0:36 of 1st period - Snap shot by Jamie Benn.
0:36 of 1st period - Stopped by Petr Mrazek without a rebound.
0:37 of 1st period - Andrew Copp wins face-off versus Jamie Benn in Boston Bruins zone.
0:37 of 1st period - Andrew Copp is hit by Jamie Benn.
1:10 of 1st period - Trevor Moore is hit by Morgan Geekie and loses puck.
1:33 of 1st period - Minor Penalty to Hampus Lindholm for Cross-checking.
1:34 of 1st period - Anze Kopitar wins face-off versus Vincent Trocheck in Tampa Bay Lightning zone.
1:50 of 1st period - Slapshot by Anze Kopitar.
1:50 of 1st period - Shot Blocked by Alex Newhook.
2:10 of 1st period - Snap shot by Evander Kane.
2:10 of 1st period - Shot Blocked by Moritz Seider.
2:12 of 1st period - Slapshot by Ryan Lindgren.
2:12 of 1st period - Shot Misses the Net.
3:33 of 1st period - Penalty to Hampus Lindholm is over, Hampus Lindholm is back on ice.
3:59 of 1st period - Slapshot by Kirill Kaprizov.
3:59 of 1st period - Shot Misses the Net.
4:01 of 1st period - Slapshot by Darnell Nurse.
4:01 of 1st period - Shot Misses the Net.
4:03 of 1st period - Wrist shot by Darnell Nurse.
4:03 of 1st period - Stopped by Petr Mrazek with a rebound.
4:21 of 1st period - Snap shot by Kirill Kaprizov.
4:21 of 1st period - Goal by Kirill Kaprizov - Tampa Bay Lightning : 1 - Boston Bruins : 0.
4:22 of 1st period - Andrew Copp wins face-off versus Jason Dickinson in neutral zone.
4:35 of 1st period - Slapshot by Joel Farabee.
4:35 of 1st period - Stopped by Jeremy Swayman without a rebound.
4:36 of 1st period - Roope Hintz wins face-off versus Andrew Copp in Tampa Bay Lightning zone.
4:38 of 1st period - Minor Penalty to Travis Konecny for Kneeing.
4:39 of 1st period - Andrew Copp wins face-off versus Jason Dickinson in Tampa Bay Lightning zone.
4:55 of 1st period - Snap shot by Evander Kane.
4:55 of 1st period - Shot Misses the Net.
6:38 of 1st period - Penalty to Travis Konecny is over, Travis Konecny is back on ice.
6:51 of 1st period - Michael Matheson is hit by Morgan Geekie and loses puck.
7:42 of 1st period - Torey Krug is hit by Trevor Moore and loses puck.
7:55 of 1st period - Torey Krug is hit by Gustav Nyquist.
8:15 of 1st period - Slapshot by Dylan Cozens.
8:15 of 1st period - Stopped by Petr Mrazek without a rebound.
8:16 of 1st period - Eetu Luostarinen wins face-off versus Jason Dickinson in Boston Bruins zone.
8:48 of 1st period - Wrist shot by Jonathan Huberdeau.
8:48 of 1st period - Stopped by Petr Mrazek without a rebound.
8:49 of 1st period - Roope Hintz wins face-off versus Vincent Trocheck in Boston Bruins zone.
8:50 of 1st period - Slapshot by Travis Konecny.
8:50 of 1st period - Shot Misses the Net.
9:20 of 1st period - Backhand shot by Gustav Nyquist.
9:20 of 1st period - Stopped by Petr Mrazek with a rebound.
9:26 of 1st period - Kirill Kaprizov is hit by Andrew Copp and loses puck.
9:37 of 1st period - Tyler Myers is hit by Morgan Geekie and loses puck.
9:49 of 1st period - Off-side.
9:50 of 1st period - Eetu Luostarinen wins face-off versus Travis Konecny in neutral zone.
10:16 of 1st period - Kirill Kaprizov is hit by Vincent Trocheck and loses puck.
10:36 of 1st period - Icing by Kirill Kaprizov.
10:37 of 1st period - Jamie Benn wins face-off versus Joel Farabee in Tampa Bay Lightning zone.
11:24 of 1st period - Wrist shot by Andrew Copp.
11:24 of 1st period - Stopped by Jeremy Swayman without a rebound.
11:25 of 1st period - Vincent Trocheck wins face-off versus Roope Hintz in Tampa Bay Lightning zone.
11:30 of 1st period - Snap shot by Vincent Trocheck.
11:30 of 1st period - Shot Misses the Net.
11:32 of 1st period - Slapshot by Ty Emberson.
11:32 of 1st period - Stopped by Jeremy Swayman without a rebound.
11:33 of 1st period - Vincent Trocheck wins face-off versus Roope Hintz in Tampa Bay Lightning zone.
11:38 of 1st period - Wrist shot by Alex Newhook.
11:38 of 1st period - Goal by Alex Newhook - Tampa Bay Lightning : 1 - Boston Bruins : 1.
11:39 of 1st period - Roope Hintz wins face-off versus Alex Newhook in neutral zone.
12:44 of 1st period - Eetu Luostarinen is hit by Jason Dickinson and loses puck.
13:27 of 1st period - Snap shot by Gustav Nyquist.
13:27 of 1st period - Stopped by Petr Mrazek without a rebound.
13:28 of 1st period - Matthew Beniers wins face-off versus Kirill Kaprizov in Boston Bruins zone.
14:03 of 1st period - Snap shot by Filip Forsberg.
14:03 of 1st period - Shot Misses the Net.
14:05 of 1st period - Wrist shot by Filip Forsberg.
14:05 of 1st period - Shot Misses the Net.
14:07 of 1st period - Slapshot by Tyler Myers.
14:07 of 1st period - Stopped by Petr Mrazek without a rebound.
14:08 of 1st period - Andrew Copp wins face-off versus Jamie Benn in Boston Bruins zone.
14:19 of 1st period - Snap shot by Joel Farabee.
14:19 of 1st period - Goal by Joel Farabee - Tampa Bay Lightning : 1 - Boston Bruins : 2.
14:20 of 1st period - Roope Hintz wins face-off versus Andrew Copp in neutral zone.
14:29 of 1st period - Wrist shot by Andrew Copp.
14:29 of 1st period - Stopped by Jeremy Swayman without a rebound.
14:30 of 1st period - Roope Hintz wins face-off versus Andrew Copp in Tampa Bay Lightning zone.
14:35 of 1st period - Snap shot by Joel Farabee.
14:35 of 1st period - Stopped by Jeremy Swayman without a rebound.
14:36 of 1st period - Vincent Trocheck wins face-off versus Anze Kopitar in Tampa Bay Lightning zone.
14:48 of 1st period - Icing by Hampus Lindholm.
14:49 of 1st period - Anze Kopitar wins face-off versus Matthew Beniers in Tampa Bay Lightning zone.
14:54 of 1st period - Snap shot by Gustav Nyquist.
14:54 of 1st period - Shot Misses the Net.
14:56 of 1st period - Snap shot by Hampus Lindholm.
14:56 of 1st period - Stopped by Petr Mrazek with a rebound.
14:58 of 1st period - Slapshot by Michael Matheson.
14:58 of 1st period - Stopped by Petr Mrazek without a rebound.
14:59 of 1st period - Matthew Beniers wins face-off versus Roope Hintz in Boston Bruins zone.
15:06 of 1st period - Wrist shot by Anders Lee.
15:06 of 1st period - Shot Blocked by Filip Forsberg.
15:55 of 1st period - Wrist shot by Travis Konecny.
15:55 of 1st period - Stopped by Petr Mrazek with a rebound.
16:06 of 1st period - Minor Penalty to Darnell Nurse for Roughing.
16:07 of 1st period - Anze Kopitar wins face-off versus Vincent Trocheck in Tampa Bay Lightning zone.
16:15 of 1st period - Wrist shot by Vincent Trocheck.
16:15 of 1st period - Shot Misses the Net.
16:17 of 1st period - Snap shot by Alex Newhook.
16:17 of 1st period - Stopped by Jeremy Swayman without a rebound.
16:18 of 1st period - Andrew Copp wins face-off versus Jason Dickinson in Tampa Bay Lightning zone.
16:54 of 1st period - Trevor Moore is hit by Ryan Strome and loses puck.
17:28 of 1st period - Moritz Seider is hit by Ryan Lindgren and loses puck.
17:42 of 1st period - Icing by Joel Farabee.
17:43 of 1st period - Andrew Copp wins face-off versus Jason Dickinson in Boston Bruins zone.
17:58 of 1st period - Andrew Copp is hit by Dylan Cozens and loses puck.
18:06 of 1st period - Penalty to Darnell Nurse is over, Darnell Nurse is back on ice.
18:17 of 1st period - Roope Hintz is hit by Morgan Geekie.
18:23 of 1st period - Wrist shot by Filip Forsberg.
18:23 of 1st period - Stopped by Petr Mrazek with a rebound.
19:08 of 1st period - Off-side.
19:09 of 1st period - Jason Dickinson wins face-off versus Joel Farabee in neutral zone.
19:45 of 1st period - Wrist shot by Jason Dickinson.
19:45 of 1st period - Shot Blocked by Ryan Lindgren.
19:47 of 1st period - Snap shot by Dylan Cozens.
19:47 of 1st period - Goal by Dylan Cozens - Tampa Bay Lightning : 2 - Boston Bruins : 2.
19:48 of 1st period - Anze Kopitar wins face-off versus Vincent Trocheck in neutral zone.
19:50 of 1st period - Off-side.
19:51 of 1st period - Anze Kopitar wins face-off versus Vincent Trocheck in neutral zone.
19:54 of 1st period - Slapshot by Anze Kopitar.
19:54 of 1st period - Stopped by Petr Mrazek with a rebound.
19:56 of 1st period - Snap shot by Kirill Kaprizov.
19:56 of 1st period - Goal by Kirill Kaprizov - Tampa Bay Lightning : 3 - Boston Bruins : 2.
19:57 of 1st period - Vincent Trocheck wins face-off versus Gustav Nyquist in neutral zone.
Goals for this period are 3 for Tampa Bay Lightning vs 2 for Boston Bruins.
Shots for this period are 15 for Tampa Bay Lightning vs 8 for Boston Bruins.
2nd period
0:01 of 2nd period - Anze Kopitar wins face-off versus Vincent Trocheck in neutral zone.
0:31 of 2nd period - Snap shot by Joel Farabee.
0:31 of 2nd period - Deflect By Evander Kane.
0:31 of 2nd period - Shot Misses the Net.
0:31 of 2nd period - Puck is out of play.
0:32 of 2nd period - Joel Farabee wins face-off versus Trevor Moore in Tampa Bay Lightning zone.
0:37 of 2nd period - Wrist shot by Joel Farabee.
0:37 of 2nd period - Stopped by Jeremy Swayman with a rebound.
0:57 of 2nd period - Anze Kopitar is hit by Alex Newhook and loses puck.
1:28 of 2nd period - Wrist shot by Filip Forsberg.
1:28 of 2nd period - Deflect By Matthew Beniers.
1:28 of 2nd period - Stopped by Petr Mrazek with a rebound.
1:43 of 2nd period - Icing by Michael Matheson.
1:44 of 2nd period - Eetu Luostarinen wins face-off versus Roope Hintz in Tampa Bay Lightning zone.
1:47 of 2nd period - Wrist shot by Ryan Strome.
1:47 of 2nd period - Shot Misses the Net.
1:49 of 2nd period - Wrist shot by Ryan Strome.
1:49 of 2nd period - Stopped by Jeremy Swayman with a rebound.
1:51 of 2nd period - Wrist shot by Alex Newhook.
1:51 of 2nd period - Stopped by Jeremy Swayman without a rebound.
1:52 of 2nd period - Jamie Benn wins face-off versus Vincent Trocheck in Tampa Bay Lightning zone.
2:21 of 2nd period - Wrist shot by Vincent Trocheck.
2:21 of 2nd period - Shot Blocked by Jamie Benn.
2:23 of 2nd period - Snap shot by Alex Newhook.
2:23 of 2nd period - Shot Misses the Net.
2:31 of 2nd period - Slapshot by Vincent Trocheck.
2:31 of 2nd period - Stopped by Jeremy Swayman without a rebound.
2:32 of 2nd period - Andrew Copp wins face-off versus Anze Kopitar in Tampa Bay Lightning zone.
2:39 of 2nd period - Snap shot by Evander Kane.
2:39 of 2nd period - Stopped by Jeremy Swayman with a rebound.
2:41 of 2nd period - Slapshot by Ryan Lindgren.
2:41 of 2nd period - Deflect By Joel Farabee.
2:41 of 2nd period - Shot Misses the Net.
2:41 of 2nd period - Puck is out of play.
2:42 of 2nd period - Andrew Copp wins face-off versus Anze Kopitar in Tampa Bay Lightning zone.
2:57 of 2nd period - Slapshot by Evander Kane.
2:57 of 2nd period - Stopped by Jeremy Swayman without a rebound.
2:58 of 2nd period - Jamie Benn wins face-off versus Vincent Trocheck in Tampa Bay Lightning zone.
3:13 of 2nd period - Snap shot by Jamie Benn.
3:13 of 2nd period - Stopped by Petr Mrazek with a rebound.
3:23 of 2nd period - Alex Newhook is hit by Filip Forsberg.
3:53 of 2nd period - Minor Penalty to Travis Konecny for Roughing.
3:54 of 2nd period - Andrew Copp wins face-off versus Anze Kopitar in Tampa Bay Lightning zone.
5:33 of 2nd period - Wrist shot by Anders Lee.
5:33 of 2nd period - Stopped by Jeremy Swayman without a rebound.
5:34 of 2nd period - Matthew Beniers wins face-off versus Jason Dickinson in Tampa Bay Lightning zone.
5:53 of 2nd period - Penalty to Travis Konecny is over, Travis Konecny is back on ice.
6:03 of 2nd period - Icing by Torey Krug.
6:04 of 2nd period - Matthew Beniers wins face-off versus Roope Hintz in Boston Bruins zone.
6:09 of 2nd period - Slapshot by Torey Krug.
6:09 of 2nd period - Deflect By Matthew Beniers.
6:09 of 2nd period - Shot Blocked by Michael Matheson.
6:09 of 2nd period - Puck is out of play.
6:10 of 2nd period - Roope Hintz wins face-off versus Andrew Copp in Tampa Bay Lightning zone.
6:19 of 2nd period - Snap shot by Joel Farabee.
6:19 of 2nd period - Shot Blocked by Michael Matheson.
7:20 of 2nd period - John-Jason Peterka is hit by Jamie Benn and loses puck.
7:47 of 2nd period - Wrist shot by Eetu Luostarinen.
7:47 of 2nd period - Stopped by Jeremy Swayman without a rebound.
7:48 of 2nd period - Andrew Copp wins face-off versus Roope Hintz in Tampa Bay Lightning zone.
7:51 of 2nd period - Slapshot by Joel Farabee.
7:51 of 2nd period - Shot Misses the Net.
7:53 of 2nd period - Slapshot by Ty Emberson.
7:53 of 2nd period - Shot Misses the Net.
7:55 of 2nd period - Slapshot by Ty Emberson.
7:55 of 2nd period - Deflect By Filip Forsberg.
7:55 of 2nd period - Stopped by Jeremy Swayman with a rebound.
9:17 of 2nd period - Snap shot by Joel Farabee.
9:17 of 2nd period - Stopped by Jeremy Swayman with a rebound.
9:44 of 2nd period - Minor Penalty to Connor Clifton for Cross-checking.
9:45 of 2nd period - Vincent Trocheck wins face-off versus Anze Kopitar in Boston Bruins zone.
9:55 of 2nd period - Snap shot by Vincent Trocheck.
9:55 of 2nd period - Stopped by Jeremy Swayman with a rebound.
10:39 of 2nd period - Vincent Trocheck is hit by Kirill Kaprizov.
11:44 of 2nd period - Penalty to Connor Clifton is over, Connor Clifton is back on ice.
11:59 of 2nd period - Slapshot by Connor Clifton.
11:59 of 2nd period - Shot Misses the Net.
13:08 of 2nd period - Torey Krug is hit by Trevor Moore and loses puck.
13:29 of 2nd period - Travis Konecny is hit by Morgan Geekie.
13:51 of 2nd period - John Ludvig is hit by Dylan Cozens and loses puck.
14:15 of 2nd period - Icing by Evander Kane.
14:16 of 2nd period - Andrew Copp wins face-off versus Roope Hintz in Boston Bruins zone.
14:21 of 2nd period - Slapshot by Connor Clifton.
14:21 of 2nd period - Shot Misses the Net.
14:57 of 2nd period - Wrist shot by Gustav Nyquist.
14:57 of 2nd period - Shot Blocked by Connor Clifton.
15:03 of 2nd period - Joel Farabee is hit by Anze Kopitar and loses puck.
15:12 of 2nd period - Minor Penalty to Joel Farabee for Tripping.
15:13 of 2nd period - Ryan Strome wins face-off versus Roope Hintz in Boston Bruins zone.
16:59 of 2nd period - Snap shot by Alex Newhook.
16:59 of 2nd period - Shot Blocked by Darnell Nurse.
17:12 of 2nd period - Penalty to Joel Farabee is over, Joel Farabee is back on ice.
17:25 of 2nd period - Slapshot by Michael Matheson.
17:25 of 2nd period - Shot Misses the Net.
17:35 of 2nd period - Angus Crookshank is hit by Jason Dickinson and loses puck.
17:42 of 2nd period - Michael Matheson is hit by Angus Crookshank and loses puck.
17:51 of 2nd period - Snap shot by Jason Dickinson.
17:51 of 2nd period - Shot Misses the Net.
17:53 of 2nd period - Wrist shot by Michael Matheson.
17:53 of 2nd period - Stopped by Petr Mrazek with a rebound.
17:55 of 2nd period - Wrist shot by Dylan Cozens.
17:55 of 2nd period - Goal by Dylan Cozens - Tampa Bay Lightning : 4 - Boston Bruins : 2.
17:56 of 2nd period - Anze Kopitar wins face-off versus Andrew Copp in neutral zone.
18:01 of 2nd period - Snap shot by Gustav Nyquist.
18:01 of 2nd period - Stopped by Petr Mrazek without a rebound.
18:02 of 2nd period - Andrew Copp wins face-off versus Anze Kopitar in Boston Bruins zone.
18:14 of 2nd period - Minor Penalty to Evander Kane for Diving.
18:15 of 2nd period - Vincent Trocheck wins face-off versus Anze Kopitar in Boston Bruins zone.
18:15 of 2nd period - Vincent Trocheck is hit by Michael Matheson.
18:32 of 2nd period - Joel Farabee is hit by Anze Kopitar and loses puck.
19:53 of 2nd period - Vincent Trocheck is hit by Kirill Kaprizov and loses puck.
Goals for this period are 1 for Tampa Bay Lightning vs 0 for Boston Bruins.
Shots for this period are 5 for Tampa Bay Lightning vs 11 for Boston Bruins.
3rd period
0:01 of 3rd period - Ryan Strome wins face-off versus Anze Kopitar in neutral zone.
0:11 of 3rd period - Ty Emberson is hit by Filip Forsberg and loses puck.
0:14 of 3rd period - Penalty to Evander Kane is over, Evander Kane is back on ice.
0:16 of 3rd period - Snap shot by Anze Kopitar.
0:16 of 3rd period - Shot Misses the Net.
0:26 of 3rd period - Evander Kane is hit by Moritz Seider.
0:53 of 3rd period - Snap shot by Filip Forsberg.
0:53 of 3rd period - Stopped by Petr Mrazek without a rebound.
0:54 of 3rd period - Matthew Beniers wins face-off versus Filip Forsberg in Boston Bruins zone.
1:19 of 3rd period - Ryan Lindgren is hit by Trevor Moore and loses puck.
1:28 of 3rd period - Snap shot by Jonathan Huberdeau.
1:28 of 3rd period - Deflect By Trevor Moore.
1:28 of 3rd period - Stopped by Petr Mrazek with a rebound.
1:30 of 3rd period - Slapshot by Hampus Lindholm.
1:30 of 3rd period - Deflect By Jamie Benn.
1:30 of 3rd period - Shot Blocked by Ryan Lindgren.
1:30 of 3rd period - Puck is out of play.
1:31 of 3rd period - Eetu Luostarinen wins face-off versus Anze Kopitar in Boston Bruins zone.
1:44 of 3rd period - Backhand shot by Eetu Luostarinen.
1:44 of 3rd period - Shot Blocked by Anze Kopitar.
1:46 of 3rd period - Wrist shot by Eetu Luostarinen.
1:46 of 3rd period - Shot Misses the Net.
1:56 of 3rd period - Kirill Kaprizov is hit by Andrew Copp and loses puck.
2:05 of 3rd period - Slapshot by Evander Kane.
2:05 of 3rd period - Shot Blocked by Moritz Seider.
2:23 of 3rd period - Snap shot by Alex Newhook.
2:23 of 3rd period - Stopped by Jeremy Swayman with a rebound.
2:25 of 3rd period - Slapshot by Ryan Lindgren.
2:25 of 3rd period - Deflect By Vincent Trocheck.
2:25 of 3rd period - Stopped by Jeremy Swayman with a rebound.
2:27 of 3rd period - Wrist shot by Torey Krug.
2:27 of 3rd period - Shot Blocked by Moritz Seider.
2:43 of 3rd period - Snap shot by Jonathan Huberdeau.
2:43 of 3rd period - Shot Misses the Net.
2:45 of 3rd period - Wrist shot by Jamie Benn.
2:45 of 3rd period - Shot Misses the Net.
2:47 of 3rd period - Slapshot by Brent Burns.
2:47 of 3rd period - Stopped by Petr Mrazek without a rebound.
2:48 of 3rd period - Vincent Trocheck wins face-off versus Roope Hintz in Boston Bruins zone.
3:05 of 3rd period - Snap shot by Michael Matheson.
3:05 of 3rd period - Stopped by Petr Mrazek with a rebound.
3:41 of 3rd period - Snap shot by Matthew Beniers.
3:41 of 3rd period - Shot Blocked by Tyler Myers.
3:43 of 3rd period - Snap shot by Matthew Beniers.
3:43 of 3rd period - Shot Misses the Net.
4:06 of 3rd period - Off-side.
4:07 of 3rd period - Roope Hintz wins face-off versus John-Jason Peterka in neutral zone.
4:49 of 3rd period - Wrist shot by John-Jason Peterka.
4:49 of 3rd period - Shot Misses the Net.
4:53 of 3rd period - Snap shot by Eetu Luostarinen.
4:53 of 3rd period - Shot Misses the Net.
4:55 of 3rd period - Slapshot by John Ludvig.
4:55 of 3rd period - Shot Misses the Net.
5:10 of 3rd period - Wrist shot by Jonathan Huberdeau.
5:10 of 3rd period - Shot Misses the Net.
5:12 of 3rd period - Snap shot by Trevor Moore.
5:12 of 3rd period - Stopped by Petr Mrazek with a rebound.
5:26 of 3rd period - Slapshot by Torey Krug.
5:26 of 3rd period - Stopped by Jeremy Swayman without a rebound.
5:27 of 3rd period - Vincent Trocheck wins face-off versus Anze Kopitar in Tampa Bay Lightning zone.
5:36 of 3rd period - Wrist shot by Alex Newhook.
5:36 of 3rd period - Stopped by Jeremy Swayman with a rebound.
6:48 of 3rd period - Snap shot by Travis Konecny.
6:48 of 3rd period - Stopped by Petr Mrazek with a rebound.
7:02 of 3rd period - Snap shot by Anders Lee.
7:02 of 3rd period - Shot Misses the Net.
8:03 of 3rd period - John Ludvig is hit by Jonathan Huberdeau and loses puck.
8:12 of 3rd period - Wrist shot by Jonathan Huberdeau.
8:12 of 3rd period - Stopped by Petr Mrazek with a rebound.
8:37 of 3rd period - Dylan Cozens is hit by Angus Crookshank and loses puck.
8:46 of 3rd period - Eetu Luostarinen is hit by Jason Dickinson and loses puck.
8:57 of 3rd period - Roope Hintz is hit by Andrew Copp and loses puck.
9:28 of 3rd period - Minor Penalty to Tyler Myers for High sticking.
9:29 of 3rd period - Anze Kopitar wins face-off versus Vincent Trocheck in Tampa Bay Lightning zone.
10:09 of 3rd period - Slapshot by Vincent Trocheck.
10:09 of 3rd period - Goal by Vincent Trocheck - Tampa Bay Lightning : 4 - Boston Bruins : 3.
10:10 of 3rd period - Anze Kopitar wins face-off versus Evander Kane in neutral zone.
10:41 of 3rd period - Snap shot by Vincent Trocheck.
10:41 of 3rd period - Shot Misses the Net.
10:43 of 3rd period - Wrist shot by Vincent Trocheck.
10:43 of 3rd period - Stopped by Jeremy Swayman without a rebound.
10:44 of 3rd period - Ryan Strome wins face-off versus Roope Hintz in Tampa Bay Lightning zone.
11:03 of 3rd period - Snap shot by Vincent Trocheck.
11:03 of 3rd period - Stopped by Jeremy Swayman with a rebound.
11:12 of 3rd period - Icing by Roope Hintz.
11:13 of 3rd period - Andrew Copp wins face-off versus Roope Hintz in Tampa Bay Lightning zone.
11:18 of 3rd period - Wrist shot by Evander Kane.
11:18 of 3rd period - Shot Misses the Net.
11:20 of 3rd period - Slapshot by Evander Kane.
11:20 of 3rd period - Shot Misses the Net.
11:22 of 3rd period - Slapshot by Andrew Copp.
11:22 of 3rd period - Shot Blocked by Moritz Seider.
11:24 of 3rd period - Slapshot by Yegor Zamula.
11:24 of 3rd period - Stopped by Jeremy Swayman without a rebound.
11:25 of 3rd period - Anze Kopitar wins face-off versus Vincent Trocheck in Tampa Bay Lightning zone.
11:32 of 3rd period - Wrist shot by Kirill Kaprizov.
11:32 of 3rd period - Shot Misses the Net.
11:45 of 3rd period - Minor Penalty to Gustav Nyquist for Interference.
11:46 of 3rd period - Jason Dickinson wins face-off versus Vincent Trocheck in Tampa Bay Lightning zone.
12:31 of 3rd period - Slapshot by Michael Matheson.
12:31 of 3rd period - Shot Misses the Net.
13:45 of 3rd period - Penalty to Gustav Nyquist is over, Gustav Nyquist is back on ice.
14:10 of 3rd period - Yegor Zamula is hit by Anze Kopitar and loses puck.
15:45 of 3rd period - Gustav Nyquist is hit by John-Jason Peterka.
15:53 of 3rd period - Slapshot by Dylan Cozens.
15:53 of 3rd period - Stopped by Petr Mrazek with a rebound.
16:13 of 3rd period - Eetu Luostarinen is hit by Hampus Lindholm and loses puck.
16:32 of 3rd period - Snap shot by John-Jason Peterka.
16:32 of 3rd period - Stopped by Jeremy Swayman with a rebound.
16:35 of 3rd period - Icing by Hampus Lindholm.
16:36 of 3rd period - Matthew Beniers wins face-off versus Anze Kopitar in Tampa Bay Lightning zone.
17:13 of 3rd period - Snap shot by Gustav Nyquist.
17:13 of 3rd period - Stopped by Petr Mrazek without a rebound.
17:14 of 3rd period - Jamie Benn wins face-off versus Vincent Trocheck in Boston Bruins zone.
17:17 of 3rd period - Backhand shot by Trevor Moore.
17:17 of 3rd period - Shot Blocked by Ty Emberson.
17:27 of 3rd period - Snap shot by Vincent Trocheck.
17:27 of 3rd period - Shot Misses the Net.
17:29 of 3rd period - Wrist shot by Alex Newhook.
17:29 of 3rd period - Stopped by Jeremy Swayman with a rebound.
17:31 of 3rd period - Wrist shot by Vincent Trocheck.
17:31 of 3rd period - Shot Misses the Net.
17:32 of 3rd period - Minor Penalty to Ryan Strome for Slashing.
17:33 of 3rd period - Roope Hintz wins face-off versus Andrew Copp in Boston Bruins zone.
17:35 of 3rd period - Minor Penalty to Travis Konecny for Hooking.
17:36 of 3rd period - Vincent Trocheck wins face-off versus Jamie Benn in Tampa Bay Lightning zone.
18:17 of 3rd period - Wrist shot by Matthew Beniers.
18:17 of 3rd period - Deflect By Joel Farabee.
18:17 of 3rd period - Goal by Joel Farabee - Tampa Bay Lightning : 4 - Boston Bruins : 4.
18:18 of 3rd period - Jamie Benn wins face-off versus Matthew Beniers in neutral zone.
18:21 of 3rd period - Slapshot by Brent Burns.
18:21 of 3rd period - Shot Blocked by Ty Emberson.
18:23 of 3rd period - Slapshot by Tyler Myers.
18:23 of 3rd period - Shot Misses the Net.
18:25 of 3rd period - Backhand shot by Jamie Benn.
18:25 of 3rd period - Shot Misses the Net.
18:31 of 3rd period - Snap shot by Jamie Benn.
18:31 of 3rd period - Deflect By Filip Forsberg.
18:31 of 3rd period - Shot Blocked by Ty Emberson.
18:31 of 3rd period - Puck is out of play.
18:32 of 3rd period - Vincent Trocheck wins face-off versus Jamie Benn in Boston Bruins zone.
19:05 of 3rd period - Wrist shot by Matthew Beniers.
19:05 of 3rd period - Shot Misses the Net.
19:07 of 3rd period - Snap shot by Joel Farabee.
19:07 of 3rd period - Stopped by Jeremy Swayman without a rebound.
19:08 of 3rd period - Matthew Beniers wins face-off versus Jamie Benn in Tampa Bay Lightning zone.
19:09 of 3rd period - Snap shot by Joel Farabee.
19:09 of 3rd period - Shot Misses the Net.
19:11 of 3rd period - Wrist shot by Matthew Beniers.
19:11 of 3rd period - Stopped by Jeremy Swayman with a rebound.
19:13 of 3rd period - Snap shot by Torey Krug.
19:13 of 3rd period - Stopped by Jeremy Swayman without a rebound.
19:14 of 3rd period - Jamie Benn wins face-off versus Matthew Beniers in Tampa Bay Lightning zone.
19:19 of 3rd period - Slapshot by Jamie Benn.
19:19 of 3rd period - Stopped by Petr Mrazek without a rebound.
19:20 of 3rd period - Vincent Trocheck wins face-off versus Jamie Benn in Boston Bruins zone.
19:25 of 3rd period - Slapshot by Filip Forsberg.
19:25 of 3rd period - Stopped by Petr Mrazek without a rebound.
19:26 of 3rd period - Vincent Trocheck wins face-off versus Jamie Benn in Boston Bruins zone.
19:32 of 3rd period - Penalty to Ryan Strome is over, Ryan Strome is back on ice.
19:35 of 3rd period - Penalty to Travis Konecny is over, Travis Konecny is back on ice.
19:40 of 3rd period - Slapshot by Vincent Trocheck.
19:40 of 3rd period - Shot Misses the Net.
19:44 of 3rd period - Snap shot by Ryan Strome.
19:44 of 3rd period - Shot Misses the Net.
19:46 of 3rd period - Snap shot by Vincent Trocheck.
19:46 of 3rd period - Shot Misses the Net.
19:48 of 3rd period - Snap shot by Vincent Trocheck.
19:48 of 3rd period - Shot Misses the Net.
Goals for this period are 0 for Tampa Bay Lightning vs 2 for Boston Bruins.
Shots for this period are 11 for Tampa Bay Lightning vs 14 for Boston Bruins.
Overtime #1
0:01 of 1st overtime period - Anze Kopitar wins face-off versus Ryan Strome in neutral zone.
0:16 of 1st overtime period - Snap shot by Ryan Strome.
0:16 of 1st overtime period - Stopped by Jeremy Swayman with a rebound.
2:42 of 1st overtime period - Wrist shot by Morgan Geekie.
2:42 of 1st overtime period - Stopped by Jeremy Swayman without a rebound.
2:43 of 1st overtime period - Vincent Trocheck wins face-off versus Anze Kopitar in Tampa Bay Lightning zone.
2:59 of 1st overtime period - Icing by Ryan Strome.
3:00 of 1st overtime period - Jamie Benn wins face-off versus Vincent Trocheck in Boston Bruins zone.
3:15 of 1st overtime period - Backhand shot by Joel Farabee.
3:15 of 1st overtime period - Stopped by Jeremy Swayman with a rebound.
4:31 of 1st overtime period - Connor Clifton is hit by Michael Matheson and loses puck.
Goals for this period are 0 for Tampa Bay Lightning vs 0 for Boston Bruins.
Shots for this period are 0 for Tampa Bay Lightning vs 3 for Boston Bruins.
ShootOut
5:00 of 1st overtime period - Round #1.
5:00 of 1st overtime period - Tampa Bay Lightning, Trevor Moore.
5:00 of 1st overtime period - Deke by Trevor Moore.
5:00 of 1st overtime period - Stopped by Petr Mrazek.
5:00 of 1st overtime period - Boston Bruins, Vincent Trocheck.
5:00 of 1st overtime period - Backhand shot by Vincent Trocheck.
5:00 of 1st overtime period - Stopped by Jeremy Swayman.
5:00 of 1st overtime period - Round #2.
5:00 of 1st overtime period - Tampa Bay Lightning, Filip Forsberg.
5:00 of 1st overtime period - Snap shot by Filip Forsberg.
5:00 of 1st overtime period - Shot Misses the Net.
5:00 of 1st overtime period - Boston Bruins, Matthew Beniers.
5:00 of 1st overtime period - Wrist shot by Matthew Beniers.
5:00 of 1st overtime period - Shot Misses the Net.
5:00 of 1st overtime period - Round #3.
5:00 of 1st overtime period - Tampa Bay Lightning, Kirill Kaprizov.
5:00 of 1st overtime period - Wrist shot by Kirill Kaprizov.
5:00 of 1st overtime period - Stopped by Petr Mrazek.
5:00 of 1st overtime period - Boston Bruins, Ryan Strome.
5:00 of 1st overtime period - Wrist shot by Ryan Strome.
5:00 of 1st overtime period - Stopped by Jeremy Swayman.
5:00 of 1st overtime period - Round #4.
5:00 of 1st overtime period - Tampa Bay Lightning, Gustav Nyquist.
5:00 of 1st overtime period - Deke by Gustav Nyquist.
5:00 of 1st overtime period - Stopped by Petr Mrazek.
5:00 of 1st overtime period - Boston Bruins, Joel Farabee.
5:00 of 1st overtime period - Snap shot by Joel Farabee.
5:00 of 1st overtime period - Goal by Joel Farabee.
Back to the Top